 Dungeon Crawl Stone Soup version 0.30.1-11-g7821555f0a (webtiles) character file.

Game seed: 13566491969125433946

23 Peloso the Trooper (level 2, -4/27 HPs)
             Began as a Minotaur Fighter on Nov 14, 2023.
             Slain by an iguana (8 damage)
             ... on level 5 of the Dungeon.
             The game lasted 00:00:48 (279 turns).

Peloso the Trooper (Minotaur Fighter)                Turns: 279, Time: 00:00:48

Health: -4/27      AC:  7    Str: 20    XL:     2   Next: 72%
Magic:  1/1        EV:  9    Int:  5    God:
Gold:   24         SH:  4    Dex:  9    Spells: 1/1 levels left

rFire   . . .        a - +0 long sword
rCold   + . .        c - +0 buckler
rNeg    . . .        b - +0 scale mail
rPois   .            (helmet restricted)
rElec   .            (no cloak)
rCorr   .            (no gloves)
SInv    .            (no boots)
Will    .....        (no amulet) Stlth
                     (no ring)
HPRegen 0.24/turn    (no ring)
MPRegen 0.07/turn

%: no passive effects
@: unable to read
A: horns 2, retaliatory headbutt, cold resistance 1, inability to read after
injury 1
a: no special abilities


You were on level 5 of the Dungeon.
You visited 1 branch of the dungeon, and saw 5 of its levels.

You collected 24 gold pieces.

Inventory:

Hand Weapons
 a - a +0 long sword (weapon)
Armour
 b - a +0 scale mail (worn)
 c - a +0 buckler (worn)
Scrolls
 e - a scroll of identify {unknown}
Potions
 d - a potion of might


   Skills:
 + Level 4.1 Fighting
 + Level 2.6 Long Blades
 + Level 4.1 Armour
 + Level 4.0 Shields


You had one spell level left.
You didn't know any spells.
Your spell library was empty.

Dungeon Overview and Level Annotations

Branches:
Dungeon (5/15)
 Temple: D:4-7

Altars:


Innate Abilities, Weirdness & Mutations

You have a pair of horns on your head.
You reflexively headbutt those who attack you in melee.
Your flesh is cold resistant. (rC+)
You occasionally lose the ability to read scrolls when taking damage.


Message History

Found a stone staircase leading down.
There are monsters nearby!
Found 4 stones.
The iguana hisses menacingly.
The iguana bites you.
Found 2 gold pieces and a jewelled ivory wand.
The worm closely misses you. The iguana bites you.
There is a stone staircase leading down here.
You block the iguana's attack.
You climb downwards.
There is a stone staircase leading up here.
The iguana attacks as you move away! The iguana closely misses you.
An adder comes into view.
The iguana attacks as you move away! The iguana bites you!
The adder hisses angrily.
The adder bites you. The adder bites you but does no damage.
The iguana attacks as you move away! The iguana bites you!
You feel threatened and lose the ability to read scrolls!
* * * LOW HITPOINT WARNING * * *
You open the door.
A goblin, a gnoll, an orc wizard and 5 orcs come into view.
The orc shouts!
The gnoll shouts!
The orc wizard shouts!
The orc shouts! x3
You hear a shout!
The adder misses you. You furiously retaliate!
You headbutt the adder. The iguana barely misses you.
The orc moves out of view. x2
You hear a shout! x2
You hit the orc but do no damage. Your headbutt misses the orc.
The adder bites you but does no damage. The orc hits you with a +0 hand axe.
* * * LOW HITPOINT WARNING * * *
The iguana barely misses you. The adder misses you.
Unknown command.
You slash the orc!
You kill the orc!
You can read scrolls again.
A hobgoblin comes into view.
The adder barely misses you. The iguana bites you!
You feel threatened and lose the ability to read scrolls!
You die...

......###.#......
#.... ##.#......
.##....##..........
...................
.........w.........
..................
.........########.
..#...#lS#
......#.@#
.........oggoo..
....##...#~≈~~≈≈ ..
...#.##o#.#g .
#....## ## # ......
.####.. .#


You could see a worm, an iguana, an orc wizard, a gnoll, an adder, 3 orcs, a
hobgoblin and a goblin.

Vanquished Creatures
  An adder (D:2)
  A worm (D:2)
  A dart slug (D:3)
  2 orcs
  An endoplasm (D:3)
  A quokka (D:2)
  A goblin (D:3)
  2 kobolds
10 creatures vanquished.

Notes
Turn   | Place    | Note
-------+----------+-------------------------------------------
     0 | D:1      | Peloso the Minotaur Fighter began the quest for the Orb.
     0 | D:1      | Reached XP level 1. HP: 19/19 MP: 0/0
    22 | D:1      | You fall into a shaft and drop 1 floor!
    49 | D:2      | Gained mutation: You occasionally lose the ability to read
                  | scrolls when taking damage. [potion of mutation]
    49 | D:2      | Gained mutation: Your flesh is cold resistant. (rC+)
                  | [potion of mutation]
    67 | D:2      | Reached XP level 2. HP: 18/27 MP: 1/1
   156 | D:3      | Identified the +2 whip of Execution {antimagic, Fly rPois}
   265 | D:5      | Entered Level 5 of the Dungeon
   279 | D:5      | Slain by an iguana

Illustrated notes

Levels and vault maps discovered:
D:1:      beargit_arrival_greenhouse, layout_basic, columned_hall_lemuel,
          nrook_loot_triangle
D:2:      layout_basic, serial_shops, nicolae_shop_trees
D:3:      layout_basic, nemelex_spade_bored_becter, minitemple,
          grunt_decor_arrowhead
D:4:      layout_basic
D:5:      layout_cave_pools, mainiacjoe_overflow_small_starburst,
          old_standard_altar, okawaru_altar_gauntlet_db

Skill      XL: |  1  2 |
---------------+-------+-----
Armour         | 4 |  4.1
Fighting       | 4 |  4.1
Shields        | 4 |  4.0
Long Blades    | |  2.6

Action                     || total
---------------------------++-------
  Melee: Long sword        ||    22
         Headbutt          ||     4
    Use: Potion            ||     1
 Armour: Scale mail        ||    15
  Dodge: Dodged            ||    23
  Block: Buckler           ||     4
